 Dungeon Crawl Stone Soup version 0.25.0-46-gbd7b0854d2 (webtiles) character file.

Game seed: 9226118386410708773

30 protoss039 the Digger (level 3, -1/19 HPs)
             Began as a Deep Elf Earth Elementalist on July 15, 2020.
             Slain by Terence
             ... wielding a +0 trident
              (8 damage)
             ... on level 2 of the Dungeon.
             The game lasted 00:02:58 (1483 turns).

protoss039 the Digger (Deep Elf Earth Elementalist) Turns: 1483, Time: 00:02:59

Health: -1/19      AC:  2    Str:  5    XL:     3   Next: 5%
Magic:  1/10       EV: 13    Int: 20    God:
Gold:   83         SH:  0    Dex: 15    Spells: 8/9 levels left

rFire    . . .     SeeInvis .   m - +1 short sword (freeze)
rCold    . . .     Gourm    .   (no shield)
rNeg     . . .     Faith    .   c - +0 robe
rPois    .         Spirit   .   (no helmet)
rElec    .         Reflect  .   (no cloak)
rCorr    .         Harm     .   (no gloves)
MR       .....                  (no boots)
Stlth    ++........             (no amulet)
HPRegen  0.06/turn              (no ring)
MPRegen  0.12/turn              (no ring)

@: no status effects
A: no striking features
a: no special abilities


You were on level 2 of the Dungeon.
You were not hungry.

You visited 1 branch of the dungeon, and saw 2 of its levels.

You collected 83 gold pieces.

Inventory:

Hand Weapons
 m - a +1 short sword of freezing (weapon)
 n - a +1 dagger of draining
Missiles
 b - 39 stones (quivered)
Armour
 c - a +0 robe (worn)
 j - a +0 helmet
Jewellery
 q - an uncursed ring of protection from cold {unknown}
Scrolls
 a - a scroll of enchant weapon {unknown}
 g - a scroll of fog {unknown}
 i - a scroll of remove curse {unknown}
 l - a scroll of magic mapping {unknown}
 p - a scroll of amnesia {unknown}
Potions
 e - a potion of might {unknown}
 f - a potion of curing {unknown}
 h - a potion of magic {unknown}
 k - a potion of cancellation {unknown}
Comestibles
 d - 8 rations
 o - a chunk of flesh


   Skills:
 + Level 2.5 Dodging
 - Level 3.0 Stealth
 + Level 3.7 Spellcasting
   Level 1.1 Transmutations
 + Level 3.9 Earth Magic


You had 8 spell levels left.
You knew the following spells:

 Your Spells              Type           Power        Failure   Level  Hunger
a - Sandblast             Erth           ###...       2%          1    None

Your spell library contained the following spells:

 Spells                   Type           Power        Failure   Level  Hunger
 Passwall                 Tmut/Erth      ##......     7%          2    ##.....
 Stone Arrow              Conj/Erth      ##....       19%         3    ###....
 Petrify                  Tmut/Erth      ##......     43%         4    ####...
 Lee's Rapid Deconstruct  Erth           ###.......   58%         5    ######.


Dungeon Overview and Level Annotations

Branches:
Dungeon (2/15)

Altars:

Annotations:
D:2 Terence


Message History

b - 41 stones The hobgoblin completely misses you.
Terence closely misses you.
Casting: Sandblast (safe; 2% risk of failure)
Confirm with . or Enter, or press ? or * to list all spells.
Aiming: Sandblast (safe; 2% risk of failure)
Press: ? - help, Shift-Dir - straight line, f/p - Terence
Aim: Terence, wielding a +0 trident and wearing a +0 scale mail (heavily wounded)
The blast of sand hits Terence but does no damage.
Terence is heavily wounded.
b - 40 stones The hobgoblin misses you.
Casting: Sandblast (safe; 2% risk of failure)
Confirm with . or Enter, or press ? or * to list all spells.
Aiming: Sandblast (safe; 2% risk of failure)
Press: ? - help, Shift-Dir - straight line, f/p - Terence
Aim: Terence, wielding a +0 trident and wearing a +0 scale mail (heavily wounded)
The blast of sand misses Terence.
b - 39 stones Terence hits you from afar with a +0 trident!
You die...

##.....##.....
##.............
#..............
#............$.
#..........>...
#..............
...............
......g@.......
.#.
...)...........
..
.....@..##.....
.# ........#
#### .#
........# .# .
.......## . ...
. ....... #....
.. .?.....
......##


You could see Terence and a hobgoblin.

Vanquished Creatures
  An adder (D:2)
  A dart slug (D:1)
  A leopard gecko (D:1)
  2 bats
  2 goblins (D:2)
  2 hobgoblins (D:1)
  4 frilled lizards
  3 kobolds (D:1)
  4 rats
20 creatures vanquished.

Notes
Turn   | Place    | Note
-------+----------+-------------------------------------------
     0 | D:1      | protoss039 the Deep Elf Earth Elementalist began the quest
                  | for the Orb.
     0 | D:1      | Reached XP level 1. HP: 10/10 MP: 6/6
   612 | D:1      | Reached XP level 2. HP: 14/15 MP: 6/8
  1233 | D:1      | You fall into a shaft and drop 1 floor!
  1271 | D:2      | Reached XP level 3. HP: 18/19 MP: 5/10
  1473 | D:2      | Noticed Terence
  1483 | D:2      | Slain by Terence

Illustrated notes

Levels and vault maps discovered:
D:1:      minmay_arrival_split_and_join, layout_loops_ring
D:2:      layout_rooms, kennysheep_slug_shrine, first_ration,
          minmay_misc_feat_doors, uniq_robin, uniq_terence

Skill      XL: |  1  2 |
---------------+-------+-----
Stealth        | 3 |  3.0
Dodging        | |  2.5
Spellcasting   | |  3.7
Transmutations | |  1.1
Earth Magic    | |  3.9

Action                   || total
-------------------------++-------
Melee: Unarmed           ||    20
       Short sword       ||     1
 Cast: Sandblast         ||    35
 Stab: Sleeping          ||     4
  Eat: Chunk             ||     2
Armor: Robe              ||     7
Dodge: Dodged            ||    44
